 Dungeon Crawl Stone Soup version 0.21-a0-504-g2eda330 (console) character file.

385419 hexaflexagon the Bringer of Light (level 23, -4/209 HPs)
             Began as a Hill Orc Warper on Nov 24, 2017.
             Was the Champion of the Shining One.
             Slain by a stone giant (11 damage)
             ... while paralysed by a sphinx
             ... on level 3 of the Vaults on Nov 25, 2017.
             The game lasted 03:19:43 (72057 turns).

hexaflexagon the Bringer of Light (HOWr)           Turns: 72057, Time: 03:19:44

Health: -4/209     AC: 20    Str: 23    XL:     23   Next: 29%
Magic:  34/37      EV:  2    Int: 15    God:    the Shining One [******]
Gold:   3887       SH:  0    Dex:  9    Spells: 7/28 levels left

rFire    + . .     SeeInvis .   a - +7 battleaxe (chop)
rCold    + . .     Gourm    .   (shield currently unavailable)
rNeg     + + +     Faith    .   q - +3 chain mail {rF+}
rPois    +         Spirit   .   (helmet restricted)
rElec    +         Reflect  .   E - +2 cloak {rPois}
rCorr    .         Harm     .   U - +0 pair of gloves
MR       +....                  p - +0 pair of boots
Stlth    ..........             c - amulet of regeneration
HPRegen  0.84/turn              h - ring of the Solstice {rElec rN+ Str+2}
MPRegen  0.25/turn              i - ring of protection from cold

@: paralysed, glowing
A: beak, clumsy 1
}: 1/15 runes: serpentine
a: Divine Shield, Cleansing Flame, Summon Divine Warrior, Brand Weapon With Holy
Wrath, Renounce Religion


You were on level 3 of the Vaults.
You worshipped the Shining One.
The Shining One was exalted by your worship.
You were not hungry.

You visited 7 branches of the dungeon, and saw 35 of its levels.
You visited the Abyss 3 times.
You also visited: Ossuary and Desolation.

You collected 4589 gold pieces.
You spent 702 gold pieces at shops.

Inventory:

Hand Weapons
 a - a +7 battleaxe of chopping (weapon)
 b - the +9 heavy crossbow "Sniper" {velocity, Acc+∞ SInv}
   (You found it on level 2 of the Lair of Beasts)

   Any bolt fired from it inflicts extra damage.
   It lets you see invisible.
 d - a +5 arbalest of freezing
Missiles
 t - 407 bolts
Armour
 p - a +0 pair of boots (worn)
 q - a +3 chain mail of fire resistance (worn)
 E - a +2 cloak of poison resistance (worn)
 U - a +0 pair of gloves (worn)
 W - a +0 helmet
Jewellery
 c - an amulet of regeneration (around neck)
 g - a +4 ring of slaying
 h - the ring of the Solstice (left hand) {rElec rN+ Str+2}
   (You found it on level 15 of the Dungeon)

   [ring of strength]

   It affects your strength (+2).
   It insulates you from electricity.
   It protects you from negative energy.
 i - a ring of protection from cold (right hand)
 w - an uncursed ring of wizardry
Wands
 u - a wand of paralysis (35)
 C - a wand of digging (18)
 M - a wand of iceblast (25)
 O - a wand of polymorph (53)
 S - a wand of flame (123)
 Y - a wand of acid (8)
 Z - a wand of scattershot (7)
Scrolls
 j - 2 scrolls of fear
 l - 7 scrolls of teleportation
 n - 13 scrolls of identify
 v - 2 scrolls of silence
 y - 2 scrolls of holy word
 B - 7 scrolls of enchant armour
 G - 7 scrolls of magic mapping
 H - 5 scrolls of fog
 J - 23 scrolls of remove curse
 K - 3 scrolls of immolation
 N - 2 scrolls of amnesia
 R - 2 scrolls of summoning
 T - 4 scrolls of enchant weapon
Potions
 o - 2 potions of ambrosia
 r - 5 potions of agility
 s - a potion of flight
 x - 6 potions of brilliance
 z - 7 potions of resistance
 D - 5 potions of berserk rage
 F - a potion of cancellation
 I - 4 potions of magic
 L - 2 potions of mutation
 P - 7 potions of lignification
 Q - 3 potions of curing
 V - 7 potions of might
Miscellaneous
 m - a sack of spiders
Comestibles
 k - 27 bread rations
 A - 20 royal jellies
 X - 13 meat rations


   Skills:
 - Level 18.0 Fighting
 - Level 20.0 Axes
 - Level 20.0 Crossbows
 - Level 0.8 Throwing
 - Level 10.0 Armour
 - Level 12.0 Dodging
   Level 4.3 Shields
 - Level 3.1 Spellcasting
 - Level 5.0 Charms
 - Level 6.0 Translocations
 + Level 21.7 Invocations


You had 7 spell levels left.
You knew the following spells:

 Your Spells              Type           Power        Failure   Level  Hunger
a - Apportation           Tloc           ###...       10%         1    #......
b - Blink                 Tloc           N/A          14%         2    ##.....
c - Beastly Appendage     Tmut           #.....       75%         1    #......
g - Shroud of Golubria    Chrm/Tloc      ###.......   19%         2    ##.....
i - Infusion              Chrm           ###.         14%         1    #......
p - Passage of Golubria   Tloc           N/A          67%         4    #####..
u - Summon Butterflies    Summ           #.......     75%         1    #......
w - Spectral Weapon       Hex/Chrm       #.......     77%         3    ###....
S - Statue Form           Tmut/Erth      #........    100%        6    #######


Dungeon Overview and Level Annotations

Branches:
Dungeon (15/15)            Temple (0/1) D:6            Lair (6/6) D:8
 Shoals (0/4) Lair:4        Snake (4/4) Lair:4        Slime (0/5) Lair:6
    Orc (2/2) D:12            Elf (3/3) Orc:2        Vaults (3/5) D:14
  Crypt (1/3) Vaults:3     Depths (0/5) D:15

Altars:
Gozag
Hepliaklqana
Makhleb
Nemelex Xobeh
Okawaru
Qazlal
Ru
Sif Muna
Trog
Uskayaw
Wu Jian
Xom
Yredelemnul
The Shining One
Beogh

Shops:
D:6 ?   D:9 [   Orc:1 [   Orc:2 [}!?   Elf:2 =}=}   Elf:3 (   Vaults:3 :

Portals:
Pandemonium: Orc:2

Annotations:
Crypt:1 Khufu, Sojobo


Innate Abilities, Weirdness & Mutations

You have a beak for a mouth.
You are clumsy. (Dex -2)


Message History

The sphinx hits you.
* * * LOW HITPOINT WARNING * * *
The sphinx hits you but does no damage. The sphinx barely misses you.
The stone giant hits you.
* * * LOW HITPOINT WARNING * * *
The sphinx hits you but does no damage. x3
The ogre mage completely misses you. The stone giant hits you!!
* * * LOW HITPOINT WARNING * * *
The sphinx hits you!
* * * LOW HITPOINT WARNING * * *
The sphinx hits you but does no damage. x2
The ogre mage hits you with a flail.
* * * LOW HITPOINT WARNING * * *
The stone giant completely misses you. The sphinx hits you.
* * * LOW HITPOINT WARNING * * *
The sphinx hits you but does no damage. x2
The ogre mage points at you and mumbles some strange words.
You easily resist.
The stone giant hits you!
You die...

#.....# #.))).#
#.....#############
#.....#...yO......#
#.....#.#########.#
#.....#.#.#.#)..#.#
#.....#)#.+.##'##y#
#.....'.#[#.[...#.#
#.....#.###C@H###O#
#.....#.#..O..#.#.#
#.....#.##'##.'.#.#
#.....#.#..(#)#.#.#
#.....#.#####)###.#
#.....#...........#
#.....#############
#.....# ## #.....#


You could see a sphinx, a stone giant and an ogre mage.

Vanquished Creatures
  Mennas (Vaults:2)
  Margery (Crypt:1)
  Vashnia (Snake:4)
  A lich (Abyss:2)
  A deep elf blademaster (Elf:3)
  3 deep elf master archers (Elf:3)
  2 sphinxes
  3 tentacled starspawn (Abyss:3)
  A tengu reaver (Crypt:1)
  Agnes (D:14)
  Donald (Snake:3)
  10 nagarajas
  2 imperial myrmidons (Desolation)
  6 vault wardens
  9 deep elf sorcerers
  5 deep elf elementalists (Elf:3)
  Louise (Elf:2)
  The ghost of namelastname112 the Brawler, a journeyman DrMo of Ashenzari (Orc:1)
  A cacodemon (Abyss:2)
  6 ironheart preservers
  The ghost of Rhok the Severer, a journeyman HOMo of Okawaru (D:14)
  2 very ugly things (Abyss:2)
  3 stone giants
  3 entropy weavers
  A green draconian (Abyss:2)
  A war gargoyle (Vaults:3)
  2 vampire knights (Crypt:1)
  3 halazid warlocks (Desolation)
  3 deep elf demonologists
  5 deep elf annihilators (Elf:3)
  Nessos (D:13)
  Snorg (D:14)
  3 ettins
  7 deep elf death magi
  A quicksilver dragon zombie (Crypt:1)
  4 eidola
  Josephine (D:9)
  11 jiangshi
  2 fire dragons
  7 deep elf high priests (Elf:3)
  6 ragged hierophants (Desolation)
  Harold (Lair:1)
  A crystal guardian (Desolation)
  4 yaktaur captains
  Fannar (D:10)
  9 hydras
  2 great orbs of eyes
  3 servants of whispers (Desolation)
  4 ice dragons
  4 rakshasas
  8 vault guards
  7 peacekeepers (Desolation)
  12 naga warriors
  10 centaur warriors
  9 ogre magi
  12 anacondas
  The ghost of kiturien the Carver, a novice MiFi of Wu Jian (D:9)
  31 dancing weapons
  A queen ant (D:10)
  30 two-headed ogres
  4 vampire magi (Crypt:1)
  A death yak (D:8)
  A deep troll earth mage (D:15)
  2 death knights (Crypt:1)
  A tengu warrior (D:15)
  3 orc high priests (Orc:2)
  7 thrashing horrors
  2 wretched stars
  Urug (D:13)
  8 shock serpents
  5 hell knights
  15 deep elf knights
  11 naga sharpshooters
  Nergalle (Lair:1)
  Sonja (Lair:1)
  2 sun demons
  3 spatial maelstroms
  A sixfirhy (Orc:2)
  6 salamander mystics
  10 skeletal warriors
  A torturous demonspawn (Orc:2)
  3 glowing orange brains
  3 shadow wraiths
  10 sea snakes (Snake:4)
  15 naga ritualists
  6 wizards
  4 unseen horrors
  3 flayed ghosts
  A deep troll (Vaults:3)
  11 deep elf archers
  A golden dragon skeleton (Crypt:1)
  7 necromancers
  A sphinx zombie (Crypt:1)
  Pikel (D:7)
  14 ironbrand convokers
  65 deep elf magi
  An iron dragon zombie (Crypt:1)
  A lindwurm (Lair:6)
  A wolf spider zombie (D:15)
  11 orc sorcerers
  5 wolf spiders
  3 phantasmal warriors
  9 oklob plants
  19 ugly things
  17 mana vipers
  11 orc knights
  7 manticores
  A frost giant zombie (Crypt:1)
  3 worldbinders (Abyss:2)
  15 elephants
  11 cyclopes
  A shock serpent zombie (Crypt:1)
  11 starcursed masses
  23 salamanders
  A moth of wrath (shapeshifter) (Vaults:3)
  An apocalypse crab (Abyss:3)
  15 naga magi
  2 merfolk sirens (Lair:4)
  Maurice (D:7)
  4 smoke demons
  A guardian serpent (shapeshifter) (D:15)
  13 guardian serpents
  44 black mambas
  3 orange demons (Abyss:2)
  4 gargoyles
  5 vault sentinels
  4 molten gargoyles (Desolation)
  9 spiny frogs
  5 torpor snails
  2 efreet
  15 yaktaurs
  2 rime drakes
  2 komodo dragons (Lair:4)
  6 freezing wraiths
  An ice devil (Orc:2)
  A hellion (Abyss:2)
  3 hellwings
  A tormentor (Abyss:3)
  2 ancient zymes (Abyss:3)
  9 trolls
  A green draconian skeleton (Crypt:1)
  2 tengu conjurers
  A silent spectre (Abyss:3)
  A harpy zombie (Crypt:1)
  A queen bee (Lair:5)
  3 meliai
  A hydra zombie (Crypt:1)
  Grinder (D:6)
  11 hornets
  2 merfolk (Lair:4)
  A tengu simulacrum (Vaults:3)
  4 tyrant leeches (Lair:6)
  48 saltlings (Desolation)
  17 slime creatures
  7 hippogriffs
  8 blink frogs
  4 dream sheep (Lair:6)
  A dream sheep (shapeshifter) (D:15)
  2 redbacks (Lair:6)
  4 flying skulls (Crypt:1)
  3 shadows (D:15)
  Sigmund (D:3)
  A ynoxinul (Abyss:2)
  2 ettin skeletons (Crypt:1)
  4 vampires
  A redback (shapeshifter) (D:15)
  A water elemental (Elf:2)
  13 wyverns
  23 yaks
  15 large abominations
  A spriggan (shapeshifter) (D:12)
  A fire dragon skeleton (Crypt:1)
  5 fire elementals
  2 fire bats (Abyss:3)
  12 wraiths
  2 hungry ghosts
  A golden eye (shapeshifter) (D:15)
  Grum (D:8)
  7 vampire mosquitoes
  3 neqoxecs
  5 basilisks
  2 chaos spawn
  4 spatial vortices
  A yaktaur simulacrum (Vaults:1)
  2 wargs
  42 nagas
  A swamp worm (shapeshifter) (Vaults:2)
  5 acid dragons
  8 soldier ants (D:10)
  5 porcupines
  Duvessa (D:6)
  A hell hound (Abyss:3)
  19 water moccasins
  43 orc warriors
  A swamp drake (shapeshifter) (D:15)
  2 slaves (D:7)
  3 ice beasts
  4 black bears
  A hornet zombie (D:15)
  A necrophage (D:13)
  2 eyes of draining
  A black bear (shapeshifter) (Elf:1)
  2 sky beasts
  A black mamba simulacrum (Crypt:1)
  23 centaurs
  2 phantoms
  24 ogres
  7 boggarts
  3 wolves (D:8)
  14 crocodiles
  A yaktaur zombie (Crypt:1)
  2 big kobolds
  14 bullfrogs
  A gnoll sergeant (D:7)
  2 earth elementals
  A glowing shapeshifter simulacrum (Vaults:1)
  3 human skeletons
  2 wyvern skeletons
  13 small abominations
  Dowan (D:6)
  37 killer bees
  12 scorpions
  10 wights
  4 electric eels
  5 howler monkeys
  5 crimson imps
  2 quasits
  3 jellies
  5 centaur zombies
  4 human zombies
  2 bullfrog zombies
  A gnoll shaman (D:6)
  7 hounds
  22 orc wizards
  29 orc priests
  4 centaur skeletons
  2 bullfrog skeletons
  3 iguanas (D:9)
  26 worker ants
  Natasha (thrice) (D:2)
  2 hell rats (Lair:3)
  A tengu skeleton (Abyss:2)
  A hound zombie (D:5)
  A hound skeleton (D:6)
  2 mummies (Ossuary)
  11 gnolls
  6 river rats
  3 scorpion zombies (Ossuary)
  17 adders
  3 shadow imps
  A white imp (Abyss:3)
  An ufetubus (Abyss:3)
  An adder skeleton (D:8)
  4 worms
  2 dart slugs
  5 leopard geckos
  85 orcs
  6 giant cockroaches
  3 gnoll zombies (Ossuary)
  9 goblins
  12 hobgoblins
  7 jackals
  3 quokkas
  5 ball pythons
  13 bats
  2 frilled lizards
  A giant cockroach zombie (D:6)
  A goblin zombie (Ossuary)
  A hobgoblin zombie (Ossuary)
  11 kobolds
  A kobold skeleton (Crypt:1)
  2 kobold zombies (Ossuary)
  3 orc zombies (Ossuary)
  2 quokka skeletons
  10 rats
  A spectral orc (D:5)
  6 crawling corpses (Elf:3)
  3 fungi
  3 plants
  3 starspawn tentacles (Abyss:3)
1741 creatures vanquished.

Vanquished Creatures (collateral kills)
  An ironheart preserver (Vaults:2)
  A deep troll zombie (Vaults:2)
2 creatures vanquished.

Vanquished Creatures (others)
  A deep elf mage (Elf:2)
  2 black mambas
  A naga mage (Snake:4)
  A saltling (Desolation)
  A small abomination (Abyss:2)
  2 scorpions (Ossuary)
  A wight (Crypt:1)
  A human zombie (Ossuary)
  An orc wizard (Vaults:1)
  A mummy (Ossuary)
  A hobgoblin zombie (Ossuary)
  27 fungi
  68 plants
  19 starspawn tentacles (Abyss:3)
127 creatures vanquished.

Grand Total: 1870 creatures vanquished

Notes
Turn   | Place    | Note
-------+----------+-------------------------------------------
     0 | D:1      | hexaflexagon the Hill Orc Warper began the quest for the Orb.
     0 | D:1      | Reached XP level 1. HP: 18/18 MP: 3/3
   462 | D:1      | Reached XP level 2. HP: 24/25 MP: 4/4
   803 | D:1      | Learned a level 2 spell: Blink
   806 | D:1      | Learned a level 2 spell: Shroud of Golubria
  1131 | D:1      | Reached XP level 3. HP: 30/30 MP: 5/5
  1630 | D:2      | Reached XP level 4. HP: 19/37 MP: 6/6
  1738 | D:2      | Reached skill level 5 in Axes
  2303 | D:2      | Reached XP level 5. HP: 40/42 MP: 4/7
  2322 | D:2      | Noticed Natasha
  3180 | D:3      | Noticed Sigmund
  3258 | D:3      | Reached skill level 1 in Charms
  3398 | D:3      | Found an iron altar of Okawaru.
  4275 | D:4      | Found a glowing golden altar of the Shining One.
  4276 | D:4      | Found a hazy altar of Hepliaklqana.
  4328 | D:4      | Became a worshipper of the Shining One
  4690 | D:5      | Entered Level 5 of the Dungeon
  4739 | D:5      | Reached XP level 6. HP: 39/50 MP: 8/8
  4849 | D:5      | Found a sand-covered staircase.
  5152 | Ossuary  | Entered an ossuary
  5178 | Ossuary  | Reached skill level 1 in Invocations
  5467 | Ossuary  | Reached * piety under the Shining One
  5482 | Ossuary  | Reached skill level 2 in Invocations
  5703 | Ossuary  | Reached XP level 7. HP: 56/56 MP: 9/9
  5742 | Ossuary  | Reached skill level 3 in Invocations
  6286 | Ossuary  | Reached skill level 4 in Invocations
  6298 | Ossuary  | Reached ** piety under the Shining One
  6779 | Ossuary  | Reached skill level 5 in Invocations
  7172 | D:5      | Reached XP level 8. HP: 62/62 MP: 10/12
  7290 | D:5      | Found a basalt altar of Yredelemnul.
  7636 | D:5      | Found a runed door.
  8008 | D:5      | Found a bloodstained altar of Trog.
  8338 | D:6      | Reached skill level 6 in Invocations
  8353 | D:6      | Noticed Dowan
  8358 | D:6      | Found Wol Itos's Magic Scroll Shop.
  8363 | D:6      | Found a staircase to the Ecumenical Temple.
  8383 | D:6      | Noticed Duvessa
  8857 | D:2      | Killed Natasha
  8867 | D:2      | Noticed Natasha
  8877 | D:2      | Killed Natasha
  8928 | D:2      | Noticed Natasha
  8935 | D:2      | Killed Natasha
  9058 | D:3      | Killed Sigmund
  9058 | D:3      | Reached skill level 7 in Invocations
  9436 | D:6      | Killed Dowan
  9506 | D:6      | Killed Duvessa
  9506 | D:6      | Reached skill level 10 in Axes
  9532 | D:6      | Reached skill level 8 in Invocations
  9552 | D:6      | Noticed Grinder
  9554 | D:6      | Paralysed by Grinder for 2 turns
  9573 | D:6      | Paralysed by Grinder for 5 turns
  9578 | D:6      | HP: 3/62 [poisoned by a worker ant]
  9802 | D:6      | Reached XP level 9. HP: 23/68 MP: 15/15
 10282 | D:6      | Bought a scroll of identify for 28 gold pieces
 10282 | D:6      | Bought a scroll of identify for 28 gold pieces
 10282 | D:6      | Bought a scroll of fog for 28 gold pieces
 10282 | D:6      | Bought a scroll of magic mapping for 49 gold pieces
 10652 | D:6      | Reached skill level 9 in Invocations
 10738 | D:6      | Found an opulent altar of Gozag.
 11769 | D:7      | Noticed Pikel
 11769 | D:7      | Reached *** piety under the Shining One
 11927 | D:7      | Found a sparkling altar of Nemelex Xobeh.
 11982 | D:7      | Found a stormy altar of Qazlal.
 12096 | D:7      | Killed Pikel
 12418 | D:8      | Noticed a two-headed ogre
 12470 | D:8      | Noticed Grum
 12496 | D:8      | Killed Grum
 12496 | D:8      | Reached XP level 10. HP: 35/74 MP: 17/17
 12511 | D:8      | Reached skill level 5 in Armour
 12521 | D:8      | Reached skill level 10 in Invocations
 13264 | D:8      | Found a sacrificial altar of Ru.
 13337 | D:8      | Found a staircase to the Lair.
 13363 | D:8      | Noticed a death yak
 13455 | D:8      | Noticed a death yak
 13648 | D:8      | Found a burning altar of Makhleb.
 13835 | D:8      | Noticed Maurice
 14003 | D:7      | Killed Maurice
 14003 | D:7      | Reached skill level 5 in Translocations
 14072 | D:8      | Noticed a death yak
 14208 | D:6      | Killed Grinder
 14333 | D:5      | Noticed Crazy Yiuf
 14334 | D:5      | Noticed Crazy Yiuf
 14334 | D:5      | Crazy Yiuf changed into Crazy Yiuf the worm
 14341 | D:5      | Killed Crazy Yiuf the worm
 15335 | D:9      | Found a hide-covered altar of Uskayaw.
 15798 | D:9      | Reached **** piety under the Shining One
 15848 | D:9      | Found Cinlod's Armour Shoppe.
 15860 | D:9      | Noticed kiturien's ghost (novice MiFi)
 15874 | D:8      | Reached skill level 5 in Fighting
 16152 | D:9      | Found a deep blue altar of Sif Muna.
 16329 | D:10     | Entered Level 10 of the Dungeon
 16442 | D:10     | Noticed a queen ant
 16576 | D:10     | Reached XP level 11. HP: 88/88 MP: 18/18
 16695 | D:10     | Noticed Josephine
 16729 | D:9      | Killed Josephine
 17297 | D:10     | Noticed Fannar
 17561 | D:10     | Killed a queen ant
 18067 | D:10     | Killed Fannar
 18301 | D:11     | Reached skill level 10 in Fighting
 18553 | D:11     | Reached XP level 12. HP: 25/108 MP: 15/19
 18753 | D:11     | Noticed a two-headed ogre
 19811 | D:12     | Noticed a two-headed ogre
 20079 | D:12     | Found a staircase to the Orcish Mines.
 20404 | D:12     | Noticed a two-headed ogre
 20683 | D:12     | Reached skill level 1 in Shields
 22008 | D:8      | Killed a two-headed ogre
 22044 | Lair:1   | Entered Level 1 of the Lair of Beasts
 22070 | Lair:1   | Reached skill level 15 in Axes
 22351 | Lair:1   | Noticed a six-headed hydra
 22534 | Lair:1   | Noticed Harold
 22708 | Lair:1   | Killed Harold
 22708 | Lair:1   | Reached skill level 11 in Invocations
 22719 | Lair:1   | Noticed a five-headed hydra
 22759 | Lair:1   | Noticed an eight-headed hydra
 23191 | Lair:2   | Found the +9 heavy crossbow "Sniper" {velocity, Acc+∞ SInv}
 23235 | Lair:1   | Noticed Sonja
 23245 | Lair:1   | Noticed Nergalle
 23561 | D:9      | Killed kiturien's ghost
 23561 | D:9      | Reached XP level 13. HP: 69/118 MP: 21/21
 24688 | Lair:1   | Reached skill level 1 in Crossbows
 24710 | Lair:1   | Killed Sonja
 24718 | Lair:1   | Killed Nergalle
 26072 | Lair:3   | Reached skill level 5 in Charms
 26173 | Lair:3   | Reached skill level 12 in Invocations
 26903 | Lair:4   | Found a staircase to the Snake Pit.
 27819 | Lair:4   | Reached skill level 5 in Crossbows
 28226 | Lair:4   | Found a staircase to the Shoals.
 28532 | Lair:5   | You fall through a shaft!
 28532 | Lair:6   | Entered Level 6 of the Lair of Beasts
 29800 | Lair:5   | Reached XP level 14. HP: 97/126 MP: 23/23
 30876 | Lair:5   | Identified a scroll of acquirement
 31721 | Lair:5   | Reached skill level 10 in Crossbows
 32279 | Lair:6   | Paralysed by a hornet for 2 turns
 32790 | Lair:6   | Found a staircase to the Slime Pits.
 34046 | Lair:6   | Got a dazzling ring mail
 34359 | Lair:6   | Found a runed door.
 35093 | Orc:1    | Entered Level 1 of the Orcish Mines
 35104 | D:12     | Paralysed by an orc sorcerer for 3 turns
 35200 | D:12     | Identified the +1 ring mail of Depression {rC+} (You found it on level 6 of the Lair of Beasts)
 35285 | Orc:1    | Reached ***** piety under the Shining One
 35582 | Orc:2    | Entered Level 2 of the Orcish Mines
 35833 | Orc:2    | Found a staircase to the Elven Halls.
 36518 | Orc:2    | Reached XP level 15. HP: 124/132 MP: 24/24
 36714 | Orc:2    | Found Tiggux's Distillery.
 36715 | Orc:2    | Found Dizojoip's Magic Scroll Emporium.
 38075 | Orc:2    | Found Xixiceac's Gadget Boutique.
 38075 | Orc:2    | Found a one-way gate leading to the halls of Pandemonium.
 38075 | Orc:2    | Found Moisal's Antique Armour Shop.
 38129 | Orc:2    | Bought a scroll of silence for 97 gold pieces
 38129 | Orc:2    | Bought a scroll of brand weapon for 260 gold pieces
 38176 | Orc:1    | Noticed namelastname112's ghost (journeyman DrMo)
 38430 | Orc:1    | Killed namelastname112's ghost
 38442 | Orc:1    | Found a roughly hewn altar of Beogh.
 38499 | Orc:1    | Found Xugior's Armour Shop.
 38750 | D:13     | Noticed Urug
 38765 | D:13     | Killed Urug
 38785 | D:13     | Reached ****** piety under the Shining One
 38895 | D:13     | Noticed Nessos
 38904 | D:13     | Killed Nessos
 39889 | D:14     | Paralysed by a wizard for 7 turns
 40146 | D:14     | Identified Hocsatri's Reference Book on Combat Magic
 40151 | D:14     | Found a gate to the Vaults.
 40221 | D:14     | Noticed Rhok's ghost (journeyman HOMo)
 40234 | D:14     | Killed Rhok's ghost
 40591 | D:14     | Noticed Agnes
 40593 | D:14     | Killed Agnes
 40599 | D:14     | Noticed Snorg
 40610 | D:14     | Killed Snorg
 41103 | D:15     | Entered Level 15 of the Dungeon
 41121 | D:15     | Reached XP level 16. HP: 123/139 MP: 25/25
 41587 | D:14     | Reached skill level 15 in Crossbows
 42362 | D:15     | Found an ornate altar of the Wu Jian Council.
 42364 | D:15     | Found a shimmering altar of Xom.
 42868 | D:15     | Reached skill level 5 in Dodging
 42880 | D:15     | Found a staircase to the Depths.
 42953 | D:15     | Found a basalt altar of Yredelemnul.
 44768 | D:15     | Paralysed by a great orb of eyes for 7 turns
 45761 | D:15     | Noticed a sphinx
 46242 | D:15     | Got a scorched turquoise ring
 46284 | D:15     | Identified the ring of the Solstice {rElec rN+ Str+2} (You found it on level 15 of the Dungeon)
 46373 | D:15     | Killed a sphinx
 47418 | Lair:1   | Reached XP level 17. HP: 146/146 MP: 26/26
 47618 | Lair:1   | Identified the ring of Cumi {*Corrode rPois rN+ Str+4 SInv} (You found it on level 1 of the Lair of Beasts)
 47902 | Snake:1  | Entered Level 1 of the Snake Pit
 48531 | Snake:1  | Found an iron altar of Okawaru.
 51665 | Snake:3  | Reached XP level 18. HP: 144/154 MP: 27/27
 52036 | Snake:3  | Noticed Donald
 52039 | Snake:3  | Killed Donald
 52157 | Snake:4  | Entered Level 4 of the Snake Pit
 54603 | Snake:4  | Noticed Vashnia
 54975 | Snake:4  | Killed Vashnia
 55069 | Snake:4  | HP: 4/154 [naga sharpshooter/bolt (10)]
 55700 | Snake:4  | Reached XP level 19. HP: 132/160 MP: 28/28
 56146 | Snake:4  | Got a serpentine rune of Zot
 56551 | Elf:1    | Entered Level 1 of the Elven Halls
 57753 | Elf:2    | Found Boguryej's Jewellery Shoppe.
 58025 | Elf:2    | Found Nez Soty's Gadget Emporium.
 58025 | Elf:2    | Found Caufer's Jewellery Boutique.
 58026 | Elf:2    | Found Jaggaos's Gadget Emporium.
 58063 | Elf:2    | Found a huge runed gate.
 58063 | Elf:2    | Found a huge runed gate.
 58063 | Elf:2    | Found a huge runed gate.
 58063 | Elf:2    | Found a huge runed gate.
 58065 | Elf:2    | Found a huge runed gate.
 58411 | Elf:2    | Noticed Louise
 58414 | Elf:2    | Killed Louise
 58707 | Elf:3    | Entered Level 3 of the Elven Halls
 58850 | Orc:2    | Bought a potion of curing for 36 gold pieces
 58850 | Orc:2    | Bought a potion of curing for 36 gold pieces
 58850 | Orc:2    | Bought a potion of curing for 36 gold pieces
 58852 | Orc:2    | Bought a scroll of teleportation for 39 gold pieces
 58852 | Orc:2    | Bought a scroll of fog for 26 gold pieces
 58852 | Orc:2    | Bought a scroll of teleportation for 39 gold pieces
 59073 | Elf:3    | Noticed a Tzitzimitl
 59257 | Elf:2    | Cast into level 3 of the Abyss (a deep elf demonologist)
 59619 | Abyss:3  | Reached XP level 20. HP: 128/171 MP: 23/23
 59676 | Elf:2    | Escaped the Abyss
 60155 | Elf:3    | Found Meexudusadd's Weapon Shop.
 60465 | Elf:3    | Cast into level 3 of the Abyss (a ghostly deep elf sorcerer)
 60498 | Abyss:3  | Found a corrupted altar of Lugonu.
 60539 | Abyss:3  | Paralysed by a floating eye for 3 turns
 60591 | Abyss:3  | Reached skill level 10 in Armour
 60838 | Abyss:3  | Reached skill level 10 in Dodging
 60979 | Elf:3    | Escaped the Abyss
 60993 | Elf:3    | Found the +3 warlock's mirror {reflect}
 60993 | Elf:3    | Found the +4 robe of Augmentation {Str+4 Int+4 Dex+4}
 61230 | Elf:3    | Reached skill level 15 in Fighting
 61628 | Elf:3    | Identified Vixirero's Handbook of Translocation
 61638 | Elf:3    | Learned a level 1 spell: Apportation
 61643 | Elf:3    | Learned a level 4 spell: Passage of Golubria
 61677 | Elf:3    | Got an ancient battleaxe
 61679 | Elf:3    | Identified the cursed +0 battleaxe of Aquiges {vamp, rN+} (You found it on level 3 of the Elven Halls)
 62079 | Vaults:1 | Entered Level 1 of the Vaults
 62167 | Vaults:1 | Found a ruined gateway.
 62195 | Desolati | Entered the Desolation of Salt
 62454 | Desolati | Reached XP level 21. HP: 141/187 MP: 30/30
 63027 | Desolati | Got a pair of jewelled boots
 63045 | Desolati | Got a scintillating iron ring
 63062 | Desolati | Identified the cursed +0 pair of boots "Ratydd" {MP+9} (You found it in the Desolation of Salt)
 63063 | Desolati | Identified the ring "Xiray" {-Tele rN+ MR+ Int+3 Stlth+} (You found it in the Desolation of Salt)
 64121 | Desolati | Upgraded the game from 0.21-a0-498-g1b60429 to 0.21-a0-504-g2eda330
 64135 | Vaults:1 | Learned a level 1 spell: Summon Butterflies
 64543 | Vaults:1 | Paralysed by an orc sorcerer for 7 turns
 64558 | Vaults:1 | Reached skill level 13 in Invocations
 64844 | Vaults:1 | Identified the Tome of Cold
 65248 | Vaults:1 | You fall through a shaft!
 66566 | Vaults:2 | Noticed Mennas
 66612 | Vaults:2 | Killed Mennas
 66612 | Vaults:2 | Reached skill level 14 in Invocations
 67567 | Vaults:3 | Reached skill level 15 in Invocations
 67578 | Vaults:3 | Reached XP level 22. HP: 184/202 MP: 33/33
 67914 | Vaults:3 | Reached skill level 16 in Invocations
 67993 | Vaults:3 | Cast into level 2 of the Abyss (a wizard)
 67995 | Abyss:2  | Found a corrupted altar of Lugonu.
 68188 | Abyss:2  | Found a radiant altar of Vehumet.
 68303 | Abyss:2  | Identified the Compendium of Contamination
 68304 | Abyss:2  | Identified the Tome of Enchantment
 68440 | Abyss:2  | Gained mutation: You are clumsy. (Dex -2) [a cacodemon]
 68443 | Abyss:2  | Reached skill level 17 in Invocations
 68503 | Abyss:2  | Identified Piont's Guide on Execration
 68504 | Abyss:2  | Identified Pecruum's Almanac of the Neverending Hells (You found it on level 2 of the Abyss)
 68539 | Abyss:2  | Identified Socin's Guide on Ignition
 68543 | Abyss:2  | Identified the Almanac of Changing
 68544 | Abyss:2  | Identified the Collected Works on the Mountains and Moulding
 68545 | Abyss:2  | Identified the Reference Book on Self-Improvement
 68550 | Abyss:2  | Learned a level 3 spell: Spectral Weapon
 68563 | Abyss:2  | Learned a level 6 spell: Statue Form
 68572 | Abyss:2  | Gained mutation: You have a beak for a mouth. [a neqoxec]
 68592 | Abyss:2  | Learned a level 1 spell: Infusion
 68679 | Abyss:2  | Learned a level 1 spell: Beastly Appendage
 68691 | Abyss:2  | Identified the Volume of Unholy Secrets
 68693 | Abyss:2  | Identified the Handbook of Conjuration
 68722 | Vaults:3 | Escaped the Abyss
 68798 | Vaults:3 | Reached skill level 18 in Invocations
 69259 | Vaults:3 | Found Piejauk's Book Boutique.
 69556 | Vaults:3 | Reached skill level 19 in Invocations
 69766 | Vaults:3 | Found a staircase to the Crypt.
 70596 | Crypt:1  | Entered Level 1 of the Crypt
 70764 | Crypt:1  | Noticed Margery
 70791 | Crypt:1  | Reached skill level 20 in Invocations
 70833 | Crypt:1  | Killed Margery
 71165 | Crypt:1  | Reached XP level 23. HP: 182/209 MP: 37/37
 71280 | Crypt:1  | Noticed a greater mummy
 71376 | Crypt:1  | Reached skill level 21 in Invocations
 71391 | Crypt:1  | Noticed Sojobo
 71446 | Crypt:1  | Noticed Khufu
 72052 | Vaults:3 | Paralysed by a sphinx for 7 turns
 72056 | Vaults:3 | HP: 9/209 [ogre mage/flail (6)]
 72057 | Vaults:3 | Slain by a stone giant

Vault maps used:
D:1:      dpeg_arrival_connections, minmay_hedge_maze, minivault_19
D:2:      minivault_24, uniq_natasha
D:3:      okawaru_altar_gauntlet_db, first_bread, uniq_sigmund
D:4:      chequers_temple_overflow_statue_of_worship
D:5:      yredelemnul_forgotten_temple_becter, lightli_temple_of_fire,
          serial_co_window_serial, co_window_corner_a, co_window_paths_a,
          co_window_paths_b, co_window_corner_a, co_window_paths_a,
          co_window_broadway_b, co_window_unsneaky_path_a, co_window_cross_2,
          co_window_unsneaky_path_c, co_window_2corner, co_window_cross_2,
          co_window_broadway_a, glass_columns_a, glass_columns_a,
          glass_columns_b, glass_columns_a, glass_columns_b, enter_ossuary_2,
          uniq_crazy_yiuf_cottage
D:6:      nicolae_gozag_seed_capital, minmay_temple_entry_statues_fountains,
          serial_shops, nicolae_shop_temple_entry_statues_fountains,
          minivault_10, uniq_duvessa, uniq_grinder
D:7:      grunt_qazlal_clouds, lemuel_doored_altar, uniq_pikel
D:8:      lemuel_coloured_pillars_altar, nicolae_ru_great_annihilating_truth,
          dpeg_lair_monsters, uniq_grum, uniq_maurice
D:9:      tgw_sif, nicolae_overflow_crystal_walls, serial_shops,
          nicolae_shop_temple_entry_statues_fountains
D:10:     blue_anna_alchemist, minmay_another_anthill, uniq_fannar,
          uniq_josephine
D:11:     hex_intersection
D:12:     erik_orc_4
D:13:     uniq_nessos, uniq_urug
D:14:     david_vaults_1, uniq_snorg, uniq_agnes
D:15:     hangedman_slaughterboxes
Lair:1:   lemuel_fruit_tree, grunt_megastairs_2, lemuel_fruit_fields,
          minmay_lair_oklob_chamber, serial_bayou_shore_a, uniq_harold,
          uniq_sonja, uniq_nergalle
Lair:3:   kennysheep_rathole
Lair:4:   elwin_shoals_entry_stream, dummy_snake_entry, dpeg_oklob_1,
          grunt_megastairs_4
Lair:5:   gammafunk_lair_bear_cave
Lair:6:   wormcave, hangedman_lair_tendril_chambers, slime_dummy
Snake:1:  basic_altar, st_stairs_1
Snake:2:  kennysheep_six_static_rooms, nicolae_snake_biting_tails, spider_trap,
          st_stairs_6
Snake:3:  spider_trap, st_stairs_2, grunt_megastairs_5, uniq_donald
Snake:4:  johnstein_snake_rune_scales, grunt_ministairs_10, spider_trap,
          serial_bayou_lake_a
Orc:1:    serial_shops, shop, basic_altar
Orc:2:    pf_orc_diabolical
Elf:1:    minmay_elf_arrival_summoners, hangedman_elf_disciples
Elf:2:    serial_shops, shop, minmay_shop_grove, uniq_louise
Elf:3:    minmay_elf_hall_four_x, serial_shops, shop
Vaults:1: v_alt_pattern_1, hangedman_vaults_snaps,
          nicolae_vaults_sealed_display, nicolae_vaults_three_branches,
          ontoclasm_vaults_ring_small, vaults_mumra_hex,
          hangedman_vaults_impose, vaults_room_stairs_pillars,
          vaults_dpeg_hooks, portal_desolation_entry_ruin
Vaults:2: v_rooms_3, hangedman_vaults_river_flow, v_misc_2,
          nicolae_vaults_what_the_h, vaults_dpeg_spiral,
          nicolae_vaults_circle_grid_b, nicolae_vaults_angled_halls,
          nicolae_vaults_mini_display_case, nicolae_vaults_theta,
          vaults_room_semicircle, uniq_mennas
Vaults:3: nicolae_vaults_stairing_the_circle, st_spiral_rooms,
          nicolae_vaults_network_quinsquares, ontoclasm_vaults_chip,
          nicolae_vaults_windows_and_doors_thing, hangedman_vaults_slice,
          nicolae_vaults_network_star, v_misc_23, nicolae_vaults_circle_grid_a,
          v_alt_pattern_3, minmay_crypt_entry_simple_statues, serial_shops,
          nicolae_shop_window_shopping
Vaults:4: nicolae_vaults_network_periphery, grunt_vaults_trifunnel,
          v_alt_pattern_1, ontoclasm_vaults_ring_square, v_misc_28,
          nicolae_vaults_diagonal_hallway_7, v_pattern_1, v_misc_12,
          nicolae_vaults_rhombus_6, nicolae_vaults_yaktaur_gun_rack,
          nicolae_vaults_rhombus_5, st_lines, nicolae_vaults_back_hallway,
          serial_shops, shop
Crypt:1:  lemuel_statue_altar, uniq_margery, uniq_sojobo, uniq_khufu
Abyss:3:  nicolae_abyss_rune_left_handed, hangedman_classic_abyss_death
Ossuary:  ossuary_minmay_scorpions

Skill      XL: |  1  2  3  4  5  6  7  8  9 10 11 12 13 14 15 16 17 18 19 20 21 22 23 |
---------------+----------------------------------------------------------------------+-----
Axes           | 3 4 5 6 8 10 11 12 14 15 16 18 19 20 | 20.0
Translocations | 3 4 5 6 |  6.0
Charms         | 1 2 4 5 |  5.0
Invocations    | 2 5 8 9 10 11 12 15 20 21 | 21.7
Armour         | 4 6 9 10 | 10.0
Spellcasting   | 2 3 |  3.1
Fighting       | 5 10 12 13 15 18 | 18.0
Shields        | 4 |  4.3
Crossbows      | 8 12 14 15 16 19 20 | 20.0
Dodging        | 3 6 8 9 11 12 | 12.0
Throwing       | |  0.8

Action                   |  1- 3 |  4- 6 |  7- 9 | 10-12 | 13-15 | 16-18 | 19-21 | 22-24 || total
-------------------------+-------+-------+-------+-------+-------+-------+-------+-------++-------
Melee: Hand axe          |    88 |   225 |   489 |  1093 |   655 |       |       |       ||  2550
       Heavy crossbow    |       |       |       |       |     1 |       |       |       ||     1
       Battleaxe         |       |       |       |       |   218 |   205 |   431 |   580 ||  1434
       Peck              |       |       |       |       |       |       |       |    93 ||    93
 Fire: Heavy crossbow    |       |       |       |       |   332 |   715 |   529 |   150 ||  1726
Throw: Tomahawk          |       |     3 |     6 |     4 |       |       |       |       ||    13
 Cast: Shroud of Golubri |       |     1 |     5 |    23 |     3 |     2 |     2 |     2 ||    38
       Blink             |       |       |     3 |    25 |    40 |    30 |    16 |    10 ||   124
       Apportation       |       |       |       |       |       |       |     1 |    14 ||    15
Invok: Divine Shield     |       |       |     4 |     6 |     5 |     5 |     1 |       ||    21
       Cleansing Flame   |       |       |       |     2 |     4 |     2 |     3 |    16 ||    27
       Summon Divine War |       |       |       |       |       |       |     1 |       ||     1
Evoke: Wand              |       |     2 |     2 |    14 |     8 |     2 |     4 |       ||    32
  Use: Scroll            |       |     5 |     5 |    11 |    12 |    19 |    14 |     1 ||    67
       Potion            |       |     3 |    14 |     2 |     3 |    12 |     8 |     4 ||    46
  Eat: Chunk             |     2 |     6 |     4 |    32 |    39 |    28 |    23 |     9 ||   143
       Meat ration       |       |     1 |     3 |       |       |       |     1 |       ||     5
       Royal jelly       |       |     1 |     2 |     1 |       |       |     3 |     1 ||     8
       Fruit             |       |       |       |    10 |    26 |    24 |     8 |     4 ||    72
       Bread ration      |       |       |       |       |       |       |       |     1 ||     1
Armor: Leather armour    |    27 |    44 |    24 |       |       |       |       |       ||    95
       Chain mail        |       |       |    73 |   565 |   684 |   498 |   432 |   306 ||  2558
       Skin              |       |       |       |     2 |       |       |       |       ||     2
Dodge: Dodged            |    50 |   118 |   154 |   263 |   395 |   364 |   435 |   374 ||  2153
Block: Other             |       |       |     9 |     7 |    27 |    28 |    16 |       ||    87
       Buckler           |       |       |       |    51 |       |       |       |       ||    51

Table legend:
 A = Spawn XP
 B = Non-spawn XP
 C = Spawn XP percentage of total XP
 D = Spawn monster count
 E = Non-spawn monster count
 F = Spawn count percentage of total count
 G = Total turns spent on level
                    A         B        C        D         E        F      G
               +---------+---------+-------+---------+---------+-------+---------
         Total |   30062 |  713487 |   4.0 |      61 |    1665 |   3.5 | 72057
               +---------+---------+-------+---------+---------+-------+---------
           D:1 |       0 |      34 |   0.0 |       0 |      21 |   0.0 |  1394
           D:2 |       0 |     239 |   0.0 |       0 |      31 |   0.0 |  1375
           D:3 |       0 |     325 |   0.0 |       0 |      33 |   0.0 |  1372
           D:4 |       0 |      43 |   0.0 |       0 |       3 |   0.0 |  1236
           D:5 |       0 |     349 |   0.0 |       0 |      18 |   0.0 |  1745
           D:6 |       0 |    1522 |   0.0 |       0 |      35 |   0.0 |  3033
           D:7 |       0 |    2257 |   0.0 |       0 |      20 |   0.0 |  1769
           D:8 |       0 |    3390 |   0.0 |       0 |      37 |   0.0 |  2377
           D:9 |       0 |    3881 |   0.0 |       0 |      39 |   0.0 |  1845
          D:10 |       0 |    6372 |   0.0 |       0 |      42 |   0.0 |  1869
          D:11 |       0 |    5326 |   0.0 |       0 |      55 |   0.0 |  2075
          D:12 |       0 |    7005 |   0.0 |       0 |      32 |   0.0 |  1841
          D:13 |       0 |    8319 |   0.0 |       0 |      38 |   0.0 |  1318
          D:14 |       0 |   19211 |   0.0 |       0 |      45 |   0.0 |  2518
          D:15 |       0 |   45993 |   0.0 |       0 |      98 |   0.0 |  4424
        Lair:1 |       0 |   12376 |   0.0 |       0 |      30 |   0.0 |  2186
        Lair:2 |       0 |     288 |   0.0 |       0 |       2 |   0.0 |  1146
        Lair:3 |       0 |    2411 |   0.0 |       0 |      19 |   0.0 |  1680
        Lair:4 |       0 |   11416 |   0.0 |       0 |      35 |   0.0 |  2011
        Lair:5 |       0 |   12325 |   0.0 |       0 |      57 |   0.0 |  2329
        Lair:6 |       0 |   22281 |   0.0 |       0 |      68 |   0.0 |  3325
       Snake:1 |       0 |   21850 |   0.0 |       0 |      41 |   0.0 |  1541
       Snake:2 |       0 |   23920 |   0.0 |       0 |      43 |   0.0 |  1724
       Snake:3 |       0 |   25681 |   0.0 |       0 |      44 |   0.0 |  1998
       Snake:4 |       0 |   70142 |   0.0 |       0 |     102 |   0.0 |  3177
         Orc:1 |       0 |    3733 |   0.0 |       0 |      17 |   0.0 |   908
         Orc:2 |       0 |   16204 |   0.0 |       0 |      79 |   0.0 |  2630
         Elf:1 |       0 |   22764 |   0.0 |       0 |      39 |   0.0 |  1167
         Elf:2 |       0 |   38344 |   0.0 |       0 |      50 |   0.0 |  1424
         Elf:3 |       0 |   66525 |   0.0 |       0 |      58 |   0.0 |  1805
      Vaults:1 |       0 |   22140 |   0.0 |       0 |      44 |   0.0 |  1586
      Vaults:2 |       0 |   28552 |   0.0 |       0 |      37 |   0.0 |  1670
      Vaults:3 |       0 |   77959 |   0.0 |       0 |     124 |   0.0 |  3142
      Vaults:4 |       0 |   11466 |   0.0 |       0 |      11 |   0.0 |    60
       Crypt:1 |       0 |   45749 |   0.0 |       0 |      62 |   0.0 |   862
       Abyss:2 |   16304 |   13667 |  54.4 |      38 |      22 |  63.3 |   729
       Abyss:3 |   13758 |   13883 |  49.8 |      23 |      23 |  50.0 |   933
       Ossuary |       0 |     732 |   0.0 |       0 |      26 |   0.0 |  1904
    Desolation |       0 |   44813 |   0.0 |       0 |      85 |   0.0 |  1929
               +---------+---------+-------+---------+---------+-------+---------
